 Dungeon Sprint DCSS version 0.19-a0-291-ga637243 (webtiles) character file.

32861 pipel the Rapturous (level 13, -7/118 (119) HPs)
             Began as a Hill Orc Fighter on May 27, 2016.
             Was a High Priest of Ukayaw.
             Mangled by a slime creature (13 damage)
             ... while paralysed by a giant eyeball
             ... in the Dungeon (Sprint V: "Ziggurat Sprint").
             The game lasted 00:12:37 (526 turns).

pipel the Rapturous (Hill Orc Fighter)               Turns: 526, Time: 00:12:38

HP:   -7/118 (119)  AC: 31    Str: 36 (37) XL:     13   Next: 67%
MP:   25/25         EV:  2    Int:  8      God:    Ukayaw [*****.]
Gold: 0             SH:  0    Dex: 12      Spells: 0 memorised, 15 levels left

rFire  . . .     SeeInvis +     L - +14 obsidian axe {chop, +Fly Str+3 SInv *Curse} (curse)
rCold  . . .     Gourm    .     M - +15 Maxwell's patent armour {-Cast -Tele rElec MR+ rCorr}
rNeg   + . .     Faith    .     N - +18 shield of the Gong {rElec rN+ MR+ EV-5}
rPois  .         Spirit   .     (no helmet)
rElec  +         Dismiss  .     T - +0 cloak {+Inv}
rCorr  +         Reflect  +     (no gloves)
SustAt .         Harm     .     (no boots)
MR     ++...     Rnd*Rage +     Y - +3 amulet of reflection
Stlth  .......... NoTele   +    K - +6 ring of strength NoCast +
                                J - +6 ring of strength

@: paralysed, mesmerised, very slightly contaminated, invisible (expiring), very
resistant to hostile enchantments, extremely unstealthy
A: berserk 1, blurry vision 2, deterioration 1, low mp 1, no device heal 1
a: Stomp, Line Pass, Grand Finale, Renounce Religion, Turn Visible, Evoke Flight


You were in the Dungeon.
You worshipped Ukayaw.
Ukayaw was extremely pleased with you.
You were not hungry.

You visited 1 branch

Inventory:

Hand Weapons
 a - a +0 war axe
 n - a +5 broad axe
 L - the cursed +14 obsidian axe (weapon) {chop, +Fly Str+3 SInv *Curse}
   (You found it in the Dungeon)

   It inflicts extra damage upon your enemies.
   It affects your strength (+3).
   It lets you see invisible.
   It lets you fly.
   It may re-curse itself when equipped.
   It has a curse placed upon it.
Armour
 b - a +0 scale mail
 c - a +0 shield
 l - a +5 crystal plate armour
 m - a +5 gold dragon armour
 M - the +15 Maxwell's patent armour (worn) {-Cast -Tele rElec MR+ rCorr}
   (You found it in the Dungeon)

   It insulates you from electricity.
   It affects your resistance to hostile enchantments.
   It prevents spellcasting.
   It prevents most forms of teleportation.
   It protects you from acid and corrosion.
 N - the +18 shield of the Gong (worn) {rElec rN+ MR+ EV-5}
   (You found it in the Dungeon)

   It affects your evasion (-5).
   It insulates you from electricity.
   It protects you from negative energy.
   It affects your resistance to hostile enchantments.
 T - a +0 cloak of invisibility (worn)
Rods
 U - a +3 iron rod (12/12)
   (You took it off a deep elf knight in the Dungeon)
Jewellery
 F - a +6 ring of dexterity
 G - a +6 ring of dexterity
 H - a +6 ring of intelligence
 I - a +6 ring of intelligence
 J - a +6 ring of strength (left hand)
 K - a +6 ring of strength (right hand)
 V - the ring "Kagroule" {rElec Int+3 Dex+4 Stlth+}
   (You found it in the Dungeon)

   [ring of dexterity]

   It affects your intelligence (+3).
   It affects your dexterity (+4).
   It insulates you from electricity.
   It makes you more stealthy.
 Y - a +3 amulet of reflection (around neck)
Wands
 y - a wand of disintegration (7/24)
 B - a wand of iceblast (1/15)
 D - a wand of lightning (4/15)
 E - a wand of acid (5/15)
Scrolls
 k - 4 scrolls of blinking
 q - 4 scrolls of amnesia
 r - 3 scrolls of recharging
 s - 7 scrolls of fog
 t - a scroll of holy word
 u - 5 scrolls of identify
 v - 5 scrolls of remove curse
 w - 2 scrolls of fear
 R - a scroll of brand weapon
Potions
 d - 6 potions of might
 e - 9 potions of curing
 g - 4 potions of heal wounds
 h - 7 potions of haste
 i - 7 potions of magic
 j - a potion of berserk rage
 x - 2 potions of brilliance
 z - a potion of invisibility
 A - 4 potions of resistance
 C - 4 potions of agility
Books
 P - a book of Alchemy

   Spells                             Type                      Level
   a - Sublimation of Blood           Necromancy                   2
   b - Ignite Poison                  Fire/Transmutation/Poison    3
   c - Petrify                        Transmutation/Earth          4
   d - Alistair's Intoxication        Transmutation/Poison         5
   e - Irradiate                      Conjuration/Transmutation    5
 Q - the Handbook of the Entourage and Good Luck
   (You found it in the Dungeon)

   Spells                             Type                      Level
   a - Summon Butterflies             Summoning                    1
   b - Summon Small Mammal            Summoning                    1
   c - Ozocubu's Armour               Charms/Ice                   3
   d - Spectral Weapon                Hexes/Charms                 3
   e - Summon Demon                   Summoning                    5
   f - Spellforged Servitor           Conjuration/Summoning        7
Miscellaneous
 O - a fan of gales
 S - a lamp of fire
 W - a sack of spiders
Comestibles
 f - 4 bread rations
 o - 42 fruits
 p - 4 meat rations
 X - 5 chunks of flesh


   Skills:
 - Level 12.8 Fighting
 - Level 10.0 Axes
 - Level 11.4 Armour
 - Level 2.1 Dodging
 - Level 6.1 Stealth
 + Level 23.0 Shields
 - Level 1.7 Spellcasting
 * Level 23.5 Invocations
 - Level 8.0 Evocations


You had 15 spell levels left.
You didn't know any spells.

Dungeon Overview and Level Annotations

Branches:
Dungeon (1/1)

Altars:
Ashenzari
Cheibriados
Dithmenos
Elyvilon
Fedhas
Gozag
Hepliaklqana
Kikubaaqudgha
Makhleb
Nemelex Xobeh
Okawaru
Pakellas
Qazlal
Ru
Sif Muna
Trog
Ukayaw
Vehumet
Xom
Yredelemnul
Zin
The Shining One
Beogh
Jiyva
Lugonu


Innate Abilities, Weirdness & Mutations

You tend to lose your temper in combat.
Scrolls take you longer to read.
Your body sometimes deteriorates upon taking damage.
Your magical capacity is low. (-10% MP)
Potions and wands are less effective at restoring your health.


Message History

* * * LOW HITPOINT WARNING * * *
The death ooze hits you!
* * * LOW HITPOINT WARNING * * *
Your flesh rots away! x2
The death ooze hits you but does no damage.
The jelly hits you but does no damage.
The slime creature hits you but does no damage.
The golden eye blinks at you. You resist with almost no effort.
Visions of slaying the death ooze flood into your mind.
You flicker for a moment.
The ooze hits you but does no damage.
The death ooze hits you but does no damage.
The death ooze hits you!
* * * LOW HITPOINT WARNING * * *
The eye of devastation gazes at you. The bolt of energy misses you.
The bolt of energy hits your ice devil.
Your ice devil is blown up!
The slime creature hits you!
You die...

▓▓▓▓▓▓▓▓▓▓▓
.....8©8.....▓....8©8...
..)=|).\.....▓..})))):..
...}=):"\)...▓..)}33:|).
.............▓..........
▓.............▓.....4....
▓.......G.....▓..........
▓.....GJJJ....▓...†......
▓.......@G....▓..........
..▓....GJ.▓..▓....).....
▓ ▓.▓.....▓.▓ ▓..........
▓..▓.......▓..▓..........
▓.............▓▓▓▓▓▓▓▓▓▓▓
▓.............▓%...8©8...
▓▓▓▓▓▓▓▓▓▓▓▓▓▓▓..:=.)})..
▓...")[).:. ▓..........


You could see a slime creature, a shining eye, an eye of devastation, a death
ooze, a jelly, an ooze and 2 golden eyes.

Vanquished Creatures
  A shadow dragon (D)
  A frost giant (D)
  2 orc warlords (D)
  A ghoul (D)
  A stone giant (D)
  An apis (D)
  A mottled draconian (D)
  A death ooze (D)
  2 blizzard demons (D)
  An ice dragon (D)
  2 great orbs of eyes (D)
  An anaconda (D)
  5 dancing weapons (D)
  A thrashing horror (D)
  A deep elf knight (D)
  An orc high priest (D)
  A soul eater (D)
  A spriggan druid (D)
  4 giant orange brains (D)
  2 deep elf archers (D)
  An orc knight (D)
  3 shining eyes (D)
  3 draconians (D)
  An orc sorcerer (D)
  3 deep elf magi (D)
  A cyclops (D)
  A worldbinder (D)
  An eye of devastation (D)
  2 rime drakes (D)
  A demonic crawler (D)
  A troll (D)
  4 slime creatures (D)
  3 spriggans (D)
  2 water elementals (D)
  A fire elemental (D)
  A small abomination (D)
  A basilisk (D)
  2 golden eyes (D)
  A giant eyeball (D)
  A hell hound (D)
  2 black bears (D)
  An orc warrior (D)
  An ice beast (D)
  2 wasps (D)
  2 ogres (D)
  4 wolves (D)
  A crimson imp (D)
  2 jellies (D)
  2 quasits (D)
  2 orc priests (D)
  4 orc wizards (D)
  An iron imp (D)
  2 shadow imps (D)
  A white imp (D)
  4 ufetubi (D)
  5 oozes (D)
  2 adder zombies (D)
  2 adder skeletons (D)
  An adder simulacrum (D)
  A bat zombie (D)
  A ball python skeleton (D)
  2 ball python zombies (D)
  A giant cockroach zombie (D)
  A giant gecko zombie (D)
  2 spectral giant cockroaches (D)
114 creatures vanquished.

Vanquished Creatures (collateral kills)
  A balrug (D)
  A hell hog (D)
  A deep elf archer (D)
  A spriggan (D)
  A giant eyeball (D)
  A black bear (D)
  An iron imp (D)
7 creatures vanquished.

Vanquished Creatures (others)
  An orc warrior (D)
1 creature vanquished.

Grand Total: 122 creatures vanquished

Notes
Turn   | Place    | Note
--------------------------------------------------------------
     0 | D        | pipel the Hill Orc Fighter began the quest for the Orb.
     0 | D        | Reached XP level 1. HP: 19/19 MP: 1/1
     3 | D        | Found a shimmering altar of Xom.
     4 | D        | Found a burning altar of Makhleb.
     4 | D        | Found an iron altar of Okawaru.
     4 | D        | Found a radiant altar of Vehumet.
     4 | D        | Found a deep blue altar of Sif Muna.
     4 | D        | Found a bloodstained altar of Trog.
     8 | D        | Found a sparkling altar of Nemelex Xobeh.
     9 | D        | Found a viscous altar of Jiyva.
     9 | D        | Found a roughly hewn altar of Beogh.
     9 | D        | Found a blossoming altar of Fedhas.
     9 | D        | Found a corrupted altar of Lugonu.
     9 | D        | Found a snail-covered altar of Cheibriados.
     9 | D        | Found a white marble altar of Elyvilon.
    15 | D        | Reached skill level 1 in Dodging
    15 | D        | Reached skill level 1 in Spellcasting
    15 | D        | Reached XP level 2. HP: 28/28 MP: 1/4
    61 | D        | Became a worshipper of Ukayaw the Reveler
    73 | D        | Entered arena 1.
    76 | D        | Reached skill level 5 in Fighting
    77 | D        | Reached * piety under Ukayaw
    81 | D        | Got the ring of Zaxt {Ice Int+7}
    87 | D        | Entered arena 2.
    87 | D        | Noticed a hell hound
    89 | D        | Reached skill level 5 in Shields
    89 | D        | Reached XP level 3. HP: 23/36 MP: 5/5
    89 | D        | Reached skill level 5 in Armour
    89 | D        | Reached ** piety under Ukayaw
    90 | D        | Killed a hell hound
    90 | D        | Reached skill level 5 in Axes
    90 | D        | Reached XP level 4. HP: 30/47 MP: 6/6
    90 | D        | Reached XP level 5. HP: 33/52 MP: 7/7
    90 | D        | Reached *** piety under Ukayaw
    97 | D        | Entered arena 3.
    97 | D        | Noticed a black bear
    97 | D        | Noticed a wolf
    97 | D        | Noticed a wolf
    97 | D        | Noticed a black bear
    99 | D        | Killed a black bear
   100 | D        | Killed a black bear
   100 | D        | Reached XP level 6. HP: 40/62 MP: 8/8
   100 | D        | Reached skill level 1 in Evocations
   100 | D        | Reached **** piety under Ukayaw
   101 | D        | Reached XP level 7. HP: 46/71 MP: 9/9
   106 | D        | Identified the Handbook of the Entourage and Good Luck (You found it in the Dungeon)
   107 | D        | Entered arena 4.
   107 | D        | Noticed a draconian
   107 | D        | Noticed a mottled draconian
   107 | D        | Noticed a draconian
   107 | D        | Noticed a draconian
   115 | D        | Killed a draconian
   115 | D        | Reached skill level 10 in Fighting
   115 | D        | Reached skill level 10 in Shields
   115 | D        | Killed a draconian
   115 | D        | Reached skill level 10 in Armour
   115 | D        | Reached XP level 8. HP: 82/82 MP: 10/10
   116 | D        | Killed a mottled draconian
   116 | D        | Reached skill level 5 in Stealth
   116 | D        | Reached XP level 9. HP: 91/91 MP: 11/11
   116 | D        | Killed a draconian
   116 | D        | Reached ***** piety under Ukayaw
   124 | D        | Entered arena 5.
   129 | D        | Reached skill level 10 in Axes
   142 | D        | Entered arena 6.
   142 | D        | Noticed a deep elf knight
   142 | D        | Noticed a trident of freezing
   142 | D        | Noticed a deep elf mage
   142 | D        | Noticed a deep elf archer
   142 | D        | Noticed a deep elf archer
   142 | D        | Noticed a deep elf mage
   145 | D        | Killed a deep elf mage
   146 | D        | Killed a deep elf mage
   146 | D        | Reached XP level 10. HP: 74/100 MP: 11/13
   150 | D        | Killed a deep elf knight
   150 | D        | Reached skill level 5 in Evocations
   153 | D        | Killed a deep elf archer
   153 | D        | Reached skill level 15 in Shields
   156 | D        | Killed a deep elf archer
   157 | D        | Killed a trident of freezing
   165 | D        | Entered arena 7.
   176 | D        | Entered arena 8.
   176 | D        | Noticed a shining eye
   176 | D        | Noticed a shining eye
   182 | D        | Gained mutation: Potions and wands are less effective at restoring your health. [a shining eye]
   182 | D        | Gained mutation: Scrolls take you a little longer to read. [a shining eye]
   183 | D        | Gained mutation: Scrolls take you longer to read. [a shining eye]
   184 | D        | Reached ****** piety under Ukayaw
   185 | D        | Killed a shining eye
   186 | D        | Gained mutation: Your magical capacity is low. (-10% MP) [a shining eye]
   187 | D        | Killed a shining eye
   195 | D        | Entered arena 9.
   195 | D        | Noticed a spriggan druid
   195 | D        | Noticed a spriggan rider
   195 | D        | Noticed a spriggan rider
   197 | D        | Reached skill level 1 in Invocations
   197 | D        | Reached XP level 11. HP: 89/106 MP: 12/15
   203 | D        | Killed a spriggan druid
   210 | D        | Entered arena 10.
   210 | D        | Noticed a hell hog
   210 | D        | Noticed a battleaxe of electrocution
   210 | D        | Noticed a deep elf archer
   210 | D        | Noticed a deep elf mage
   210 | D        | Noticed a trident of protection
   210 | D        | Noticed an antimagic battleaxe
   210 | D        | Noticed a short sword of electrocution
   213 | D        | Killed a short sword of electrocution
   218 | D        | Killed a hell hog
   219 | D        | Killed an antimagic battleaxe
   219 | D        | Reached skill level 10 in Invocations
   221 | D        | Killed a trident of protection
   221 | D        | Killed a battleaxe of electrocution
   221 | D        | Killed a deep elf mage
   224 | D        | Killed a deep elf archer
   234 | D        | Got the ring "Kagroule" {rElec Int+3 Dex+4 Stlth+}
   235 | D        | Entered arena 11.
   235 | D        | Noticed a ghoul
   235 | D        | Noticed a shadow dragon
   236 | D        | Noticed a soul eater
   237 | D        | Killed a shadow dragon
   237 | D        | Reached XP level 12. HP: 51/113 MP: 17/19
   242 | D        | Killed a soul eater
   245 | D        | Killed a ghoul
   249 | D        | Entered arena 12.
   249 | D        | Noticed an apis
   249 | D        | Noticed a great orb of eyes
   249 | D        | Noticed a great orb of eyes
   254 | D        | Paralysed by a great orb of eyes for 7 turns
   261 | D        | Killed a great orb of eyes
   261 | D        | Reached skill level 15 in Invocations
   261 | D        | Killed an apis
   264 | D        | Killed a great orb of eyes
   272 | D        | Entered arena 13.
   272 | D        | Noticed an anaconda
   273 | D        | Noticed a blizzard demon
   273 | D        | Noticed a frost giant
   274 | D        | Noticed a blizzard demon
   274 | D        | Killed a frost giant
   274 | D        | Noticed a blizzard demon
   274 | D        | Noticed an ice dragon
   274 | D        | Noticed a blizzard demon
   276 | D        | HP: 8/169 [rime drake (2)]
   278 | D        | Killed a blizzard demon
   278 | D        | Killed an anaconda
   279 | D        | Killed a blizzard demon
   279 | D        | Reached XP level 13. HP: 4/119 MP: 9/24
   279 | D        | Killed an ice dragon
   281 | D        | Entered arena 14.
   346 | D        | Noticed a stone giant
   346 | D        | Noticed an orc warlord
   346 | D        | Noticed an orc warlord
   359 | D        | Killed a stone giant
   360 | D        | Killed an orc warlord
   363 | D        | Killed an orc warlord
   489 | D        | Entered arena 15.
   490 | D        | Noticed a balrug
   498 | D        | Killed a balrug
   509 | D        | Entered arena 16.
   513 | D        | Gained mutation: Your body sometimes deteriorates upon taking damage. [a shining eye]
   515 | D        | Noticed a death ooze
   515 | D        | Noticed a death ooze
   520 | D        | Gained mutation: You tend to lose your temper in combat. [a shining eye]
   520 | D        | Paralysed by a giant eyeball for 2 turns
   523 | D        | Killed a death ooze
   524 | D        | Paralysed by a giant eyeball for 3 turns
   526 | D        | Mangled by a slime creature

Vault maps used:
D:        sprint_v

Skill      XL: |  1  2  3  4  5  6  7  8  9 10 11 12 13 |
---------------+----------------------------------------+-----
Fighting       | 4 5 7 8 9 11 12 | 12.8
Axes           | 4 5 6 8 9 10 | 10.0
Armour         | 4 6 8 10 11 | 11.4
Dodging        | 1 2 |  2.1
Stealth        | 2 4 5 6 |  6.1
Shields        | 4 5 6 8 9 11 12 14 17 20 22 23 | 23.0
Spellcasting   | 1 |  1.7
Evocations     | 1 2 4 8 |  8.0
Invocations    | 1 13 19 23 | 23.5

Action                   |  1- 3 |  4- 6 |  7- 9 | 10-12 | 13-15 || total
-------------------------+-------+-------+-------+-------+-------++-------
Melee: Broad axe         |     4 |     3 |     8 |    51 |    25 ||    91
Invok: Grand Finale      |       |       |       |     2 |     1 ||     3
       Stomp             |       |       |       |       |     1 ||     1
 Abil: Evoke Invisibilit |       |       |       |     1 |     2 ||     3
Evoke: Wand              |     2 |     1 |       |     2 |       ||     5
       Fan of gales      |       |       |     1 |     1 |       ||     2
       Lamp of fire      |       |       |     2 |       |     1 ||     3
  Use: Potion            |     1 |       |     4 |     4 |     3 ||    12
 Stab: Paralysed         |       |     3 |     2 |    14 |     9 ||    28
       Invisible         |       |       |     5 |       |     4 ||     9
  Eat: Bread ration      |       |       |       |       |     1 ||     1
Armor: Plate armour      |     7 |     1 |     2 |    66 |    22 ||    98
Dodge: Dodged            |       |       |     1 |    10 |     3 ||    14
Block: Shield            |    11 |     5 |    14 |   113 |    46 ||   189
